 Dungeon Crawl Stone Soup version 0.29.0-15-g675c0067aa (webtiles) character file.

Game seed: 6943843204190299113

776 qw the Shield-Bearer (level 7, -1/43 HPs)
             Began as a Gargoyle Fighter on Sept 12, 2022.
             Slain by a bullfrog zombie (2 damage)
             ... in an ossuary.
             The game lasted 00:01:42 (4177 turns).

qw the Shield-Bearer (Gargoyle Fighter)             Turns: 4177, Time: 00:01:42

Health: -1/43      AC: 18    Str: 21    XL:     7   Next: 84%
Magic:  7/7        EV:  6    Int:  9    God:
Gold:   111        SH:  9    Dex:  9    Spells: 6/6 levels left

rFire   . . .      SeeInvis .   Y - +1 war axe
rCold   . . .      Faith    .   k - +0 kite shield {AC+3}
rNeg    + . .      Spirit   .   g - +0 chain mail
rPois   inf        Reflect  .   f - +0 helmet
rElec   +          Harm     .   (no cloak)
rCorr   .          Rampage  .   (no gloves)
Will    .....                   (no boots)
Stlth   ..........              l - amulet of the acrobat
HPRegen 0.14/turn               (no ring)
MPRegen 0.10/turn               (no ring)

@: about to teleport, very slow
A: sickness immunity, AC +4, negative energy resistance 1, electricity
resistance, torment resistance 1, petrification resistance
a: no special abilities


You were in an ossuary.
You visited 1 branch of the dungeon, and saw 5 of its levels.
You also visited: Ossuary.

You collected 195 gold pieces.
You spent 84 gold pieces at shops.


Innate Abilities, Weirdness & Mutations

You are immune to sickness and miasma.
Your stone body is resilient. (AC +4)
You are immune to poison.
You resist negative energy. (rN+)
You are resistant to electric shocks. (rElec)
You are resistant to unholy torment.
You are immune to petrification.


   Skills:
 - Level 4.1 Fighting
 + Level 6.0 Axes
 - Level 3.2 Armour
 - Level 1.4 Dodging
 - Level 6.0 Shields


You had 6 spell levels left.
You didn't know any spells.
Your spell library was empty.

Inventory:

Hand Weapons
 c - a +0 flail
 Y - a +1 war axe (weapon)
Missiles
 h - 5 boomerangs (quivered)
Armour
 f - a +0 helmet (worn)
 g - a +0 chain mail (worn)
 k - a +0 kite shield of protection (worn)
Jewellery
 l - an amulet of the acrobat (around neck)
Scrolls
 o - 3 scrolls of identify
Potions
 a - a potion of mutation
 d - a potion of might
 i - a potion of attraction
 j - a potion of lignification
 m - a potion of resistance
 n - 4 potions of curing

Dungeon Overview and Level Annotations

Branches:
Dungeon (5/15)            Ossuary (1/1)
 Temple: D:4-7

Altars:
Kikubaaqudgha
Makhleb
Sif Muna
Zin

Shops:
D:1 [([[*   D:3 *


Message History

You block the killer bee zombie's attack.
The bullfrog zombie hits you but does no damage.
The killer bee zombie hits you but does no damage.
You barely miss the killer bee zombie.
The killer bee zombie is almost destroyed.
You slash the bullfrog zombie!
The killer bee zombie hits you but does no damage.
The bullfrog zombie hits you.
The killer bee zombie hits you but does no damage.
The bullfrog zombie hits you but does no damage.
A centaur zombie comes into view.
You closely miss the killer bee zombie.
The killer bee zombie is almost destroyed.
You barely miss the bullfrog zombie.
Your surroundings seem slightly different.
Splash!
You fall into the shallow water.
Moving in this stuff is going to be slow.
4175 ||| READING scroll of teleportation.
As you read the scroll of teleportation, it crumbles to dust.
You feel strangely unstable. The centaur zombie barely misses you.
The centaur zombie kicks you but does no damage.
The killer bee zombie hits you but does no damage.
The centaur zombie hits you but does no damage.
The centaur zombie kicks you but does no damage.
The killer bee zombie hits you but does no damage.
Your unstable footing causes you to fumble your attack.
You block the killer bee zombie's attack.
The bullfrog zombie hits you but does no damage.
The centaur zombie hits you but does no damage.
The centaur zombie barely misses you.
A water moccasin zombie comes into view.
The killer bee zombie closely misses you.
The bullfrog zombie hits you. The centaur zombie barely misses you.
The centaur zombie kicks you but does no damage.
Your unstable footing causes you to fumble your attack.
The killer bee zombie hits you but does no damage. x2
The bullfrog zombie hits you.
You die...

#.+ #.## '.'
#####.# #\..#.+ #
#.\.'.###
#~#...#.'.#
###.#####~#####.###
#.'.~Z@ZZ..~~.~.+
###'#~~Z#~#.~.~.#
#P~.~P~.#.#.#
#~~~#~~#~#~##
##~###~##~## ###
### ##


You could see a water moccasin zombie, a bullfrog zombie, a killer bee zombie
and a centaur zombie.

Vanquished Creatures
  Grinder (D:3)
  2 vampire bats (D:3)
  An orc priest (D:3)
  A gnoll bouda (D:3)
  Natasha (thrice) (D:3)
  Terence (D:3)
  5 mummies (Ossuary)
  A howler monkey zombie (Ossuary)
  9 gnolls
  8 adders
  A dart slug (D:1)
  3 orcs (D:3)
  2 bats
  A bat skeleton (D:3)
  5 bat zombies (D:3)
  5 endoplasms
  4 giant cockroaches
  6 goblins
  4 hobgoblins
  5 jackals
  4 quokkas
  10 ball pythons
  4 frilled lizards
  5 kobolds
  3 rats
94 creatures vanquished.

Vanquished Creatures (others)
  A plant (D:4)
  5 withered plants (Ossuary)
6 creatures vanquished.

Grand Total: 100 creatures vanquished

Notes
Turn   | Place    | Note
-------+----------+-------------------------------------------
     0 | D:1      | qw the Gargoyle Fighter began the quest for the Orb.
     0 | D:1      | Reached XP level 1. HP: 14/14 MP: 1/1
     0 | D:1      | 0 ||| qw: Version: 0.1-a-119-g272c26d
     0 | D:1      | 0 ||| qw: Game counter: 10878
     0 | D:1      | 0 ||| qw: Always use a shield: true
     0 | D:1      | 0 ||| qw: God list: Okawaru
     0 | D:1      | 0 ||| qw: Allow faded altars: false
     0 | D:1      | 0 ||| qw: Do Orc after D:15 true
     0 | D:1      | 0 ||| qw: Do second Lair branch before Depths: true
     0 | D:1      | 0 ||| qw: Lair rune preference: random
     0 | D:1      | 0 ||| qw: Plans: Normal, Zot, God:TSO, Crypt, Tomb, Pan,
                  | Slime, Hells, Zig, Abyss, Orb
     0 | D:1      | 0 ||| PLANNING D:1-11
     1 | D:1      | Found Paab's Antique Armour Shop.
     7 | D:1      | 7 ||| SHOPLISTING chain mail (112 gold, have 0).
     7 | D:1      | 7 ||| SHOPLISTING glowing chain mail (187 gold, have 0).
     7 | D:1      | 7 ||| SHOPLISTING translucent plate armour (700 gold, have
                  | 0).
    47 | D:1      | Reached XP level 2. HP: 13/19 MP: 2/2
    49 | D:1      | HP: 4/19 [jackal (3)]
   483 | D:1      | Found a faded altar of an unknown god.
   540 | D:1      | Found Winuan's Antique Weapon Emporium.
   543 | D:1      | 543 ||| SHOPLISTING flail (91 gold, have 21).
   543 | D:1      | 543 ||| SHOPLISTING mace (78 gold, have 21).
   619 | D:1      | Found Lomot's Armour Shoppe.
   628 | D:1      | 628 ||| SHOPLISTING +0 chain mail (49 gold, have 42).
   628 | D:1      | 628 ||| SHOPLISTING +0 cloak (49 gold, have 42).
   628 | D:1      | 628 ||| SHOPLISTING +1 robe of Lesser Demons {rF+ Regen+
                  | Int+3} (286 gold, have 42).
   628 | D:1      | 628 ||| SHOPLISTING +1 robe of Leuntaire {rC+ Will++ Str+4}
                  | (463 gold, have 42).
   628 | D:1      | 628 ||| SHOPLISTING +10 tower shield of Ignorance {rN+
                  | Int-4} (630 gold, have 42).
   714 | D:1      | Reached skill level 3 in Axes
   751 | D:1      | 751 ||| Stepping ~*~*~tactically~*~*~ (stealth).
   759 | D:1      | 759 ||| Stepping ~*~*~tactically~*~*~ (stealth).
   771 | D:1      | Reached XP level 3. HP: 17/23 MP: 3/3
   875 | D:1      | Found Udyushept's Armour Shop.
   883 | D:1      | 883 ||| SHOPLISTING +0 chain mail (63 gold, have 58).
  1068 | D:1      | Found Jemovaxi's General Store.
  1074 | D:1      | 1074 ||| SHOPLISTING amulet of reflection (330 gold, have
                  | 58).
  1074 | D:1      | 1074 ||| BUYING potion of curing (33 gold).
  1074 | D:1      | Bought a potion of curing for 33 gold pieces
  1074 | D:1      | 1074 ||| SHOPLISTING ring of protection from cold (275
                  | gold, have 25).
  1074 | D:1      | 1074 ||| BUYING scroll of identify (22 gold).
  1074 | D:1      | Bought a scroll of identify for 22 gold pieces
  1074 | D:1      | 1074 ||| UPGRADING to +0 helmet.
  1079 | D:1      | 1079 ||| DROPPING scarf of invisibility.
  1080 | D:1      | 1080 ||| READING scroll labelled GEIRAWUAGO.
  1084 | D:1      | 1084 ||| READING 2 scrolls labelled KOUDE ENWOSOTI.
  1085 | D:1      | 1085 ||| READING scroll labelled OHAB YWNUNUIR.
  1086 | D:1      | 1086 ||| DROPPING scroll of butterflies.
  1116 | D:2      | 1116 ||| STAIRDANCE
  1213 | D:2      | 1213 ||| Stepping ~*~*~tactically~*~*~ (stealth).
  1390 | D:2      | 1390 ||| DROPPING +0 club.
  1399 | D:2      | Identified the +9 short sword of Defiance {vorpal, rElec
                  | MP+9 Int+3}
  1481 | D:2      | 1481 ||| Stepping ~*~*~tactically~*~*~ (stealth).
  1509 | D:2      | 1509 ||| Stepping ~*~*~tactically~*~*~ (stealth).
  1585 | D:2      | Found a glowing silver altar of Zin.
  1763 | D:2      | Reached XP level 4. HP: 28/28 MP: 4/4
  1849 | D:2      | 1849 ||| READING scroll labelled GIWAGUS MIEJI.
  1849 | D:2      | Identified a scroll of acquirement
  1849 | D:2      | 1849 ||| ACQUIRING +0 kite shield of protection
  1849 | D:2      | Acquired a +0 kite shield of protection
  1851 | D:2      | 1851 ||| UPGRADING to +0 kite shield of protection.
  1861 | D:2      | 1861 ||| DROPPING +0 buckler.
  1862 | D:2      | 1862 ||| READING 4 scrolls of identify.
  1862 | D:2      | 1862 ||| IDENTIFYING bubbling dark potion
  1863 | D:2      | 1863 ||| READING 3 scrolls of identify.
  1863 | D:2      | 1863 ||| IDENTIFYING cyan potion
  1864 | D:2      | 1864 ||| READING 2 scrolls of identify.
  1864 | D:2      | 1864 ||| IDENTIFYING smoky emerald potion
  1865 | D:2      | 1865 ||| DROPPING potion of ambrosia.
  1918 | D:3      | Found Xetuxt's Assorted Antiques.
  1929 | D:3      | 1929 ||| SHOPLISTING glowing morningstar (203 gold, have
                  | 54).
  1929 | D:3      | 1929 ||| SHOPLISTING potion of curing (87 gold, have 54).
  1929 | D:3      | 1929 ||| BUYING scroll labelled WENUTSO EXZASCH (29 gold).
  1929 | D:3      | Bought a scroll labelled WENUTSO EXZASCH for 29 gold pieces
  1929 | D:3      | 1929 ||| SHOPLISTING smoking pewter amulet (145 gold, have
                  | 25).
  2005 | D:3      | Noticed Grinder
  2008 | D:3      | Paralysed by Grinder for 4 turns
  2018 | D:3      | Found a shimmering blue altar of Sif Muna.
  2020 | D:3      | Paralysed by Grinder for 2 turns
  2022 | D:3      | 2022 ||| FLEEEEING.
  2037 | D:3      | 2037 ||| FLEEEEING.
  2038 | D:3      | 2038 ||| FLEEEEING.
  2044 | D:3      | 2044 ||| FLEEEEING.
  2045 | D:3      | 2045 ||| FLEEEEING.
  2046 | D:3      | 2046 ||| FLEEEEING.
  2047 | D:3      | 2047 ||| FLEEEEING.
  2048 | D:3      | 2048 ||| FLEEEEING.
  2049 | D:3      | 2049 ||| FLEEEEING.
  2050 | D:3      | 2050 ||| FLEEEEING.
  2051 | D:3      | 2051 ||| FLEEEEING.
  2052 | D:3      | 2052 ||| FLEEEEING.
  2053 | D:3      | 2053 ||| FLEEEEING.
  2054 | D:3      | 2054 ||| FLEEEEING.
  2059 | D:3      | 2059 ||| FLEEEEING.
  2060 | D:3      | 2060 ||| FLEEEEING.
  2061 | D:3      | 2061 ||| FLEEEEING.
  2062 | D:3      | 2062 ||| FLEEEEING.
  2065 | D:3      | 2065 ||| FLEEEEING.
  2066 | D:3      | 2066 ||| FLEEEEING.
  2068 | D:3      | 2068 ||| FLEEEEING.
  2069 | D:3      | 2069 ||| FLEEEEING.
  2070 | D:3      | 2070 ||| FLEEEEING.
  2071 | D:3      | 2071 ||| FLEEEEING.
  2072 | D:3      | 2072 ||| FLEEEEING.
  2073 | D:3      | 2073 ||| FLEEEEING.
  2074 | D:3      | 2074 ||| FLEEEEING.
  2075 | D:3      | 2075 ||| FLEEEEING.
  2076 | D:3      | 2076 ||| FLEEEEING.
  2077 | D:3      | 2077 ||| FLEEEEING.
  2080 | D:3      | 2080 ||| STAIRDANCE
  2177 | D:2      | 2177 ||| UPGRADING to amulet of the acrobat.
  2182 | D:2      | 2182 ||| READING scroll labelled WENUTSO EXZASCH.
  2183 | D:2      | 2183 ||| READING scroll labelled DUCZUFO NEAXT.
  2184 | D:2      | 2184 ||| DRINKING 2 grey potions.
  2185 | D:2      | 2185 ||| DROPPING potion of magic.
  2197 | D:3      | Killed Grinder
  2198 | D:3      | Reached skill level 6 in Shields
  2198 | D:3      | Reached XP level 5. HP: 25/32 MP: 5/5
  2198 | D:3      | Reached XP level 6. HP: 29/37 MP: 6/6
  2236 | D:3      | 2236 ||| Stepping ~*~*~tactically~*~*~ (stealth).
  2237 | D:3      | 2237 ||| Stepping ~*~*~tactically~*~*~ (hiding).
  2238 | D:3      | 2238 ||| Stepping ~*~*~tactically~*~*~ (hiding).
  2240 | D:3      | Noticed Natasha
  2268 | D:3      | Killed Natasha
  2272 | D:3      | Noticed Natasha
  2280 | D:3      | Killed Natasha
  2304 | D:3      | 2304 ||| FLEEEEING.
  2305 | D:3      | 2305 ||| FLEEEEING.
  2307 | D:3      | 2307 ||| STAIRDANCE
  2456 | D:3      | Found a burning altar of Makhleb.
  2582 | D:3      | 2582 ||| Stepping ~*~*~tactically~*~*~ (hiding).
  2584 | D:3      | 2584 ||| Stepping ~*~*~tactically~*~*~ (hiding).
  2594 | D:3      | Reached XP level 7. HP: 31/41 MP: 7/7
  2608 | D:3      | HP: 10/41 [gnoll/+0 spear[a gnoll bouda] (7)]
  2609 | D:3      | 2609 ||| READING scroll of teleportation.
  2615 | D:3      | HP: 8/41 [adder (2)]
  2686 | D:3      | 2686 ||| FLEEEEING.
  2687 | D:3      | 2687 ||| FLEEEEING.
  2688 | D:3      | 2688 ||| FLEEEEING.
  2689 | D:3      | 2689 ||| FLEEEEING.
  2690 | D:3      | 2690 ||| FLEEEEING.
  2696 | D:3      | 2696 ||| FLEEEEING.
  2697 | D:3      | 2697 ||| FLEEEEING.
  2698 | D:3      | 2698 ||| FLEEEEING.
  2699 | D:3      | 2699 ||| FLEEEEING.
  2700 | D:3      | 2700 ||| FLEEEEING.
  2709 | D:3      | 2709 ||| FLEEEEING.
  2710 | D:3      | 2710 ||| FLEEEEING.
  2711 | D:3      | 2711 ||| FLEEEEING.
  2712 | D:3      | 2712 ||| FLEEEEING.
  2713 | D:3      | 2713 ||| FLEEEEING.
  2714 | D:3      | 2714 ||| FLEEEEING.
  2715 | D:3      | 2715 ||| FLEEEEING.
  2716 | D:3      | 2716 ||| FLEEEEING.
  2717 | D:3      | 2717 ||| FLEEEEING.
  2718 | D:3      | 2718 ||| FLEEEEING.
  2719 | D:3      | 2719 ||| FLEEEEING.
  2720 | D:3      | 2720 ||| FLEEEEING.
  2721 | D:3      | 2721 ||| FLEEEEING.
  2722 | D:3      | 2722 ||| FLEEEEING.
  2727 | D:3      | 2727 ||| FLEEEEING.
  2729 | D:3      | 2729 ||| FLEEEEING.
  2731 | D:3      | 2731 ||| FLEEEEING.
  2732 | D:3      | 2732 ||| FLEEEEING.
  2733 | D:3      | 2733 ||| FLEEEEING.
  2734 | D:3      | 2734 ||| FLEEEEING.
  2735 | D:3      | 2735 ||| FLEEEEING.
  2736 | D:3      | 2736 ||| FLEEEEING.
  2737 | D:3      | 2737 ||| FLEEEEING.
  2738 | D:3      | 2738 ||| FLEEEEING.
  2739 | D:3      | 2739 ||| FLEEEEING.
  2740 | D:3      | 2740 ||| FLEEEEING.
  2741 | D:3      | 2741 ||| FLEEEEING.
  2742 | D:3      | 2742 ||| FLEEEEING.
  2743 | D:3      | 2743 ||| FLEEEEING.
  2744 | D:3      | 2744 ||| FLEEEEING.
  2747 | D:3      | 2747 ||| STAIRDANCE
  2854 | D:2      | 2854 ||| READING scroll labelled HIHYSKIGOPN.
  2855 | D:2      | 2855 ||| READING 2 scrolls of identify.
  2855 | D:2      | 2855 ||| IDENTIFYING dark potion
  2945 | D:3      | 2945 ||| DROPPING +0 mace.
  2978 | D:3      | Noticed Terence
  2989 | D:3      | Killed Terence
  3132 | D:3      | Noticed Natasha
  3133 | D:3      | 3133 ||| Stepping ~*~*~tactically~*~*~ (hiding).
  3134 | D:3      | 3134 ||| Stepping ~*~*~tactically~*~*~ (hiding).
  3151 | D:3      | Killed Natasha
  3174 | D:3      | 3174 ||| Stepping ~*~*~tactically~*~*~ (stealth).
  3305 | D:3      | Found an ancient bone altar of Kikubaaqudgha.
  3310 | D:3      | Reached skill level 1 in Dodging
  3532 | D:3      | 3532 ||| READING 2 scrolls of identify.
  3532 | D:3      | 3532 ||| IDENTIFYING lumpy ruby potion
  3579 | D:4      | 3579 ||| PLANNING OSSUARY
  3709 | D:4      | 3709 ||| Stepping ~*~*~tactically~*~*~ (stealth).
  3724 | D:4      | Identified the +4 arbalest "Orawilot" {freeze, rF+ MP-9
                  | SInv}
  3974 | D:4      | You fall into a shaft and drop 1 floor!
  3974 | D:5      | Entered Level 5 of the Dungeon
  3975 | D:5      | 3975 ||| UPGRADING to +0 chain mail.
  3985 | D:5      | 3985 ||| DROPPING +0 scale mail.
  3986 | D:5      | 3986 ||| READING scroll labelled XUYF PEENAPP.
  4087 | D:5      | 4087 ||| READING scroll labelled TEBINW MOTH.
  4119 | D:4      | Found a sand-covered staircase.
  4128 | Ossuary  | Entered an ossuary
  4131 | Ossuary  | 4131 ||| Stepping ~*~*~tactically~*~*~ (stealth).
  4133 | Ossuary  | 4133 ||| Stepping ~*~*~tactically~*~*~ (stealth).
  4149 | Ossuary  | 4149 ||| Stepping ~*~*~tactically~*~*~ (hiding).
  4152 | Ossuary  | 4152 ||| Stepping ~*~*~tactically~*~*~ (water).
  4170 | Ossuary  | Reached skill level 6 in Axes
  4170 | Ossuary  | HP: 10/43 [killer bee zombie (3)]
  4171 | Ossuary  | 4171 ||| READING 2 scrolls of teleportation.
  4173 | Ossuary  | HP: 4/43 [bullfrog zombie (4)]
  4175 | Ossuary  | 4175 ||| READING scroll of teleportation.
  4176 | Ossuary  | HP: 1/43 [bullfrog zombie (3)]
  4177 | Ossuary  | Slain by a bullfrog zombie

Levels and vault maps discovered:
D:1:      minmay_arrival_three_doors, layout_loops_cross, serial_shops, shop,
          shop_fountains, nicolae_shop_behind_doors,
          nicolae_shop_hallway_stairs, nicolae_shop_waterfront,
          dreamdust_ecumenical_altar_angels_and_demons
D:2:      layout_loops_cross, basic_altar
D:3:      layout_basic, mainiacjoe_overflow_brackets, kennysheep_vampire_church,
          lemuel_doored_altar, serial_shops, nicolae_shop_overgrown_old_shop,
          uniq_natasha, uniq_grinder, uniq_terence
D:4:      layout_loops_ring, nicolae_ossuary_entry_ruins,
          minmay_misc_feat_more_columns, small_statue_intersection,
          serial_bayou_pond_c, minmay_snake_closets
D:5:      layout_cave_pools, minmay_temple_entry_crystal_x, uniq_blork_the_orc
Ossuary:  ossuary_zaba_flooded

Skill      XL: |  1  2  3  4  5  6  7 |
---------------+----------------------+-----
Axes           | 2 3 5 6 |  6.0
Shields        | 6 |  6.0
Fighting       | 4 |  4.1
Dodging        | 1 |  1.4
Armour         | |  3.2

Action                   |  1- 3 |  4- 6 |  7- 9 || total
-------------------------+-------+-------+-------++-------
Melee: War axe           |    97 |    81 |   145 ||   323
       Unarmed           |       |       |     8 ||     8
Throw: Boomerang         |    28 |    11 |    14 ||    53
  Use: Scroll            |     3 |     6 |     8 ||    17
       Potion            |       |     1 |       ||     1
Armor: Scale mail        |    69 |    58 |    76 ||   203
       Chain mail        |       |       |    26 ||    26
       Skin              |       |       |     2 ||     2
Dodge: Dodged            |    57 |    29 |    77 ||   163
Block: Buckler           |    14 |     2 |       ||    16
       Kite shield       |       |    40 |    91 ||   131

Table legend:
 A = Non-vault XP
 B = Vault XP
 C = Vault XP percentage of total XP
 D = Non-vault monster count
 E = Vault monster count
 F = Vault count percentage of total count
                 A         B        C        D         E       F
            +---------+---------+-------+---------+---------+-------
      Total |     440 |     669 |  60.3 |      70 |      24 |  25.5
            +---------+---------+-------+---------+---------+-------
        D:1 |      38 |       0 |   0.0 |      21 |       0 |   0.0
        D:2 |      60 |       0 |   0.0 |      16 |       0 |   0.0
        D:3 |     313 |     475 |  60.3 |      24 |      11 |  31.4
        D:4 |      29 |      44 |  60.3 |       9 |       7 |  43.8
    Ossuary |       0 |     150 | 100.0 |       0 |       6 | 100.0
            +---------+---------+-------+---------+---------+-------
